 Dungeon Crawl Stone Soup version 0.28-a0-2-g643f2454ad (webtiles) character file.

Game seed: 4398343748301241806

64 ezpacito the Skirmisher (level 3, -1/29 HPs)
             Began as a Demonspawn Abyssal Knight on July 22, 2021.
             Was a Believer of Lugonu.
             Slain by an orc (3 damage)
             ... on level 4 of the Dungeon.
             The game lasted 00:03:32 (1944 turns).

ezpacito the Skirmisher (Demonspawn Abyssal Knight) Turns: 1944, Time: 00:03:33

Health: -1/29      AC:  7    Str: 12    XL:     3   Next: 91%
Magic:  5/5        EV:  8    Int: 13    God:    Lugonu [**....]
Gold:   121        SH:  7    Dex: 13    Spells: 4/4 levels left

rFire   . . .      SeeInvis .   a - +1 hand axe
rCold   . . .      Faith    .   o - +0 buckler
rNeg    . . .      Spirit   .   l - +0 scale mail
rPois   .          Reflect  .   (no helmet)
rElec   .          Harm     .   (no cloak)
rCorr   +          Rampage  .   i - +0 pair of gloves
Will    .....                   (no boots)
Stlth   ..........              (no amulet)
HPRegen 0.09/turn               m - ring of resist corrosion
MPRegen 0.09/turn               (no ring)

@: lethally poisoned (-1 -> -14), attractive, flying
A: powered by death 1, condensation shield
a: Renounce Religion, Depart the Abyss, Bend Space


You were on level 4 of the Dungeon.
You worshipped Lugonu.
Lugonu was pleased with you.
You visited 1 branch of the dungeon, and saw 5 of its levels.
You visited the Abyss 1 time.

You collected 121 gold pieces.

Inventory:

Hand Weapons
 a - a +1 hand axe (weapon)
Missiles
 d - 128 stones (quivered)
Armour
 i - a +0 pair of gloves (worn)
 l - a +0 scale mail (worn)
 o - a +0 buckler (worn)
Jewellery
 m - a ring of resist corrosion (left hand)
Scrolls
 b - a scroll of amnesia {unknown}
 c - a scroll of noise {unknown}
 h - a scroll of enchant armour {unknown}
 k - 3 scrolls of teleportation {unknown}
Potions
 e - a potion of attraction
 f - a potion of flight
 g - a potion of brilliance {unknown}
 j - a potion of lignification {unknown}
 n - a potion of might {unknown}


   Skills:
 + Level 3.2 Fighting
 * Level 2.7 Axes
 + Level 2.1 Armour
 + Level 1.2 Dodging
 + Level 0.1 Shields
 + Level 1.0 Spellcasting
 + Level 3.0 Invocations


You had 4 spell levels left.
You didn't know any spells.
Your spell library was empty.

Dungeon Overview and Level Annotations

Branches:
Dungeon (5/15)
 Temple: D:4-7

Altars:


Innate Abilities, Weirdness & Mutations

You regenerate a little health from kills.
A meltable shield of frost defends you. (SH +4)


Message History

You feel very sick.
The orc priest hits you but does no damage.
You are more poisoned.
The orc wizard hits you but does no damage.
The orc hits you but does no damage.
You slash the orc priest!
The orc priest is almost dead.
You hit the orc wizard. You hit the orc but do no damage.
You feel very sick.
The orc priest hits you with a +1 whip of venom.
You are lethally poisoned!
The orc wizard gestures at you while chanting.
You block the puff of flame. The orc hits you but does no damage.
A goblin comes into view. It is wielding a +0 dagger.
The orc barely misses you. The orc wizard casts a spell at you.
You resist with significant effort.
The orc priest begins to cast a cantrip, but forgets the words!
The orc hits you with a +0 hand axe.
It was a potion of attraction.
You feel attractive to monsters.
You feel very sick. The endoplasm freezes you.
You are frozen.
The orc priest calls upon Beogh to heal the orc wizard.
The orc wizard's wounds heal themselves!
The orc wizard hits you but does no damage.
The orc hits you with a +0 club.
* * * LOW HITPOINT WARNING * * *
The orc hits you but does no damage. The goblin is pulled toward you!
It was a potion of flight.
You feel very buoyant.
You fly up into the air.
* * * LOW HITPOINT WARNING * * *
You feel very sick. The endoplasm freezes you.
You are frozen.
* * * LOW HITPOINT WARNING * * *
The orc hits you with a +0 club.
You die...

## ##.
.. ..
#. #.
#
#J##.#
#o@o.#
#oo###
#.g#
#.(#
#...
##.#
#.#
#.#


You could see an orc priest, an orc wizard, 2 orcs, an endoplasm and a goblin.

Vanquished Creatures
  A worm (D:2)
  2 dart slugs
  7 endoplasms
  3 giant cockroaches (D:1)
  A goblin (D:2)
  4 hobgoblins
  3 jackals (D:2)
  5 kobolds
  3 quokkas
  6 ball pythons
  9 bats
  7 frilled lizards
  2 rats
53 creatures vanquished.

Notes
Turn   | Place    | Note
-------+----------+-------------------------------------------
     0 | Abyss:1  | ezpacito the Demonspawn Abyssal Knight began the quest for
                  | the Orb.
     0 | Abyss:1  | Reached XP level 1. HP: 18/18 MP: 2/2
    68 | Abyss:2  | Noticed a smoke demon
    69 | Abyss:2  | Noticed a worldbinder
   107 | Abyss:2  | Noticed a ynoxinul
   124 | Abyss:2  | Noticed a small abomination
   128 | Abyss:2  | Noticed a lich
   129 | D:1      | Escaped the Abyss
   380 | D:1      | Reached skill level 1 in Dodging
   444 | D:1      | Gained mutation: A meltable shield of frost defends you.
                  | (SH +4) [demonic ancestry]
   444 | D:1      | Reached XP level 2. HP: 24/24 MP: 3/3
   448 | D:1      | Reached * piety under Lugonu
   927 | D:1      | Gained mutation: You regenerate a little health from kills.
                  | [demonic ancestry]
   927 | D:1      | Reached XP level 3. HP: 29/29 MP: 5/5
  1002 | D:1      | Found a faded altar of an unknown god.
  1523 | D:2      | Reached skill level 1 in Spellcasting
  1757 | D:2      | Reached ** piety under Lugonu
  1912 | D:3      | You fall into a shaft and drop 2 floors!
  1912 | D:5      | Entered Level 5 of the Dungeon
  1944 | D:4      | Slain by an orc

Illustrated notes

Levels and vault maps discovered:
D:1:      roderic_octagonal_star, layout_loops_ring,
          hellmonk_ecumenical_altar_lost_god
D:2:      layout_rooms, supply_closet_lemuel
D:3:      layout_basic, st_stairs_14, minmay_pentangle
D:4:      layout_loops_ring, nicolae_hepliaklqana_monster_ancestors,
          hangedman_decor_opposing, uniq_crazy_yiuf_cottage, uniq_eustachio,
          uniq_menkaure
D:5:      layout_basic, evilmike_ruin_ashenzari, okawaru_ov_weapons_minmay,
          fountainhead, uniq_sigmund

Skill      XL: |  1  2  3 |
---------------+----------+-----
Axes           | 2 |  2.7
Dodging        | 1 |  1.2
Armour         | 2 |  2.1
Spellcasting   | 1 |  1.0
Invocations    | 3 |  3.0
Fighting       | |  3.2
Shields        | |  0.1

Action                   || total
-------------------------++-------
Melee: Hand axe          ||   139
Invok: Depart the Abyss  ||     1
  Use: Potion            ||     2
Armor: Ring mail         ||    18
       Leather armour    ||     1
       Scale mail        ||    64
       Skin              ||     3
Dodge: Dodged            ||    77
Block: Other             ||    23
       Buckler           ||    26

Table legend: (Time is in decaauts)
 A = Elapsed time spent in this place.
 B = Non-inter-level travel time spent in this place.
 C = Inter-level travel time spent in this place.
 D = Time resting spent in this place.
 E = Time spent auto-exploring this place.
 F = Levels seen in this place.
 G = Mean time per level.
                   A        B        C        D        E       F      G
               +--------+--------+--------+--------+--------+-----+--------+
         Total |   1974 |   1873 |    101 |      0 |   1385 |   7 |  282.0 |
       Dungeon |   1841 |   1740 |    101 |      0 |   1385 |   5 |  368.2 |
         Abyss |    132 |    132 |      0 |      0 |      0 |   2 |   66.0 |
               +--------+--------+--------+--------+--------+-----+--------+

Top non-repeatable levels by time:
     D:1: 1142 daAuts
     D:2: 635 daAuts
 Abyss:2: 112 daAuts
     D:3: 31 daAuts
     D:5: 25 daAuts
 Abyss:1: 19 daAuts
     D:4: 6 daAuts
